Map: Newkirk Precinct TE (Void)

Players

Fropez - Winner!

  • Race: Protoss Protoss
  • League: Gold
  • Spawn Location: 7:00

danielHsu

  • Race: Protoss Protoss
  • League: Gold
  • Spawn Location: 5:00

VOD

Have the link to the VOD?

Description

Time

  • Played on: Dec. 30, 2016, 10:04 p.m.
  • Length: 15:12
Show
View Real Time Build Order
Export as new Build Order

Fropez Protoss - Winner!

Build Orders: 1 Gate Expand 

Get SALT Encoding   

  12  0:01  Probe (Chrono Boost)  
  13  0:11  Probe (Chrono Boost)  
  14  0:18  Pylon  
  14  0:22  Probe (Chrono Boost)  
  15  0:36  Probe (Chrono Boost)  
  15  0:40  Gateway  
  16  0:46  Probe (Chrono Boost)  
  17  0:53  Assimilator  
  18  0:57  Probe (Chrono Boost)  
  18  1:07  Probe (Chrono Boost)  
  19  1:21  Pylon, Probe (Chrono Boost)  
  20  1:31  Cybernetics Core  
  20  1:43  Nexus  
  20  1:47  Probe (Chrono Boost)  
  20  2:01  Probe (Chrono Boost)  
  20  2:02  Assimilator  
  20  2:06  Warp Gate  
  20  2:07  Gateway  
  20  2:08  Stalker  
  23  2:20  Probe (Chrono Boost)  
  24  2:32  Probe (Chrono Boost)  
  24  2:34  Stalker  
  28  2:44  Probe (Chrono Boost)  
  28  2:54  Stalker  
  32  3:00  Probe (Chrono Boost)  
  32  3:01  Mothership Core (Chrono Boost)  
  33  3:11  Probe (Chrono Boost)  
  35  3:21  Probe (Chrono Boost)  
  35  3:30  Probe (Chrono Boost)  
  35  3:33  Probe (Chrono Boost), Stalker x2  
  41  3:40  Robotics Facility  
  41  3:41  Probe (Chrono Boost)  
  41  3:44  Pylon  
  41  3:46  Probe (Chrono Boost)  
  43  3:52  Probe (Chrono Boost)  
  43  3:53  Pylon  
  44  4:15  Probe (Chrono Boost)  
  46  4:17  Probe (Chrono Boost)  
  46  4:18  Assimilator  
  46  4:23  Pylon  
  46  4:25  Observer  
  46  4:26  Probe (Chrono Boost)  
  48  4:33  Pylon  
  48  4:37  Probe (Chrono Boost)  
  49  4:41  Stalker x2  
  49  4:42  Gateway x2  
  53  4:47  Probe (Chrono Boost)  
  53  4:48  Pylon  
  53  4:52  Immortal  
  54  4:55  Assimilator  
  59  5:00  Probe (Chrono Boost)  
  59  5:09  Probe (Chrono Boost)  
  59  5:10  Pylon  
  59  5:13  Probe (Chrono Boost), Stalker  
  63  5:17  Stalker  
  65  5:25  Probe (Chrono Boost)  
  65  5:27  Probe (Chrono Boost)  
  67  5:30  Immortal  
  67  5:34  Twilight Council  
  71  5:47  Stalker x2  
  75  5:53  Probe (Chrono Boost)  
  76  6:05  Immortal  
  76  6:07  Stalker  
  76  6:08  Stalker  
  84  6:26  Stalker  
  84  6:27  Stalker  
  90  6:33  Probe (Chrono Boost)  
  90  6:34  Probe (Chrono Boost)  
  72  7:04  Stalker x3  
  72  7:07  Blink  
  72  7:19  Nexus  
  72  7:22  Forge  
  72  7:23  Stalker  
  72  7:28  Probe (Chrono Boost)  
  72  7:29  Mothership Core (Chrono Boost)  
  77  7:32  Nexus  
  77  7:34  Pylon  
  73  7:44  Stalker x3  
  76  7:56  Protoss Ground Weapons Level 1  
  76  8:01  Pylon  
  76  8:03  Probe (Chrono Boost)  
  76  8:04  Pylon, Probe (Chrono Boost)  
  78  8:07  Immortal  
  78  8:09  Assimilator  
  82  8:21  Stalker x3  
  88  8:36  Probe (Chrono Boost)  
  88  8:37  Probe x2 (Chrono Boost)  
  91  8:44  Observer  
  91  8:47  Probe (Chrono Boost)  
  93  8:53  Probe (Chrono Boost)  
  93  8:54  Probe (Chrono Boost)  
  95  8:56  Stalker x4  
  95  8:57  Probe x2 (Chrono Boost)  
  105  9:06  Probe (Chrono Boost)  
  106  9:13  Dark Shrine  
  106  9:15  Warp Prism  
  106  9:24  Probe x2 (Chrono Boost)  
  110  9:28  Pylon  
  110  9:30  Probe x2 (Chrono Boost)  
  112  9:31  Pylon  
  112  9:33  Assimilator  
  112  9:34  Protoss Ground Weapons Level 2  
  112  9:35  Assimilator  
  112  9:37  Assimilator  
  112  9:40  Photon Cannon  
  112  9:43  Photon Cannon  
  112  9:44  Probe (Chrono Boost)  
  112  9:45  Probe (Chrono Boost)  
  114  9:46  Immortal  
  118  9:58  Probe x2 (Chrono Boost), Photon Cannon  
  118  9:59  Probe (Chrono Boost)  
  121  10:07  Stalker x3  
  127  10:17  Probe x2 (Chrono Boost)  
  127  10:18  Probe x2 (Chrono Boost)  
  131  10:22  Gateway  
  131  10:26  Gateway  
  131  10:30  Photon Cannon  
  131  10:35  Stalker  
  131  10:36  Stalker x2  
  131  10:38  Photon Cannon  
  137  10:48  Nexus  
  137  10:51  Pylon  
  137  10:55  Stalker  
  139  11:04  Gateway, Stalker x3  
  139  11:09  Observer  
  146  11:23  Dark Templar  
  146  11:42  Dark Templar x3  
  132  12:12  Dark Templar  
  122  12:23  Dark Templar x3  
  122  12:30  Stalker  
  108  12:46  Dark Templar  
  90  13:09  Stalker x4  
  93  13:17  Assimilator  
  93  13:19  Gateway  
  90  13:29  Mothership Core (Chrono Boost)  
  75  13:35  Dark Templar x2  
  75  13:36  Dark Templar x3  
  75  13:39  Pylon  
  79  13:42  Nexus  
  79  13:47  Pylon x2  
  73  14:18  Dark Templar x3  
  73  14:19  Dark Templar  
  68  14:50  Probe x2 (Chrono Boost)  
  68  14:51  Assimilator  
  70  15:00  Probe (Chrono Boost)  
Show
View Real Time Build Order
Export as new Build Order

danielHsu Protoss 

Build Orders: Blink Stalkers 

Get SALT Encoding   

  12  0:01  Probe (Chrono Boost)  
  13  0:11  Probe (Chrono Boost)  
  14  0:20  Pylon  
  15  0:28  Probe (Chrono Boost)  
  15  0:39  Probe (Chrono Boost)  
  15  0:42  Gateway  
  16  0:49  Probe (Chrono Boost)  
  17  0:52  Assimilator  
  17  1:00  Pylon, Probe (Chrono Boost)  
  18  1:10  Probe (Chrono Boost)  
  19  1:21  Probe (Chrono Boost)  
  19  1:24  Assimilator  
  20  1:31  Probe (Chrono Boost)  
  21  1:37  Cybernetics Core  
  21  1:40  Pylon  
  21  1:55  Probe (Chrono Boost)  
  21  1:58  Gateway  
  21  1:59  Warp Gate  
  22  2:06  Probe (Chrono Boost)  
  23  2:19  Mothership Core (Chrono Boost)  
  25  2:35  Nexus  
  25  2:40  Pylon  
  25  2:47  Probe (Chrono Boost)  
  26  2:54  Gateway  
  26  3:01  Probe (Chrono Boost)  
  27  3:09  Twilight Council  
  28  3:14  Probe (Chrono Boost)  
  28  3:26  Probe (Chrono Boost)  
  29  3:30  Stalker  
  31  3:34  Gateway  
  31  3:43  Forge  
  31  3:58  Blink  
  31  4:04  Stalker x2  
  31  4:08  Protoss Ground Weapons Level 1  
  35  4:20  Probe (Chrono Boost)  
  35  4:21  Probe (Chrono Boost)  
  37  4:29  Stargate  
  38  4:32  Probe (Chrono Boost)  
  38  4:33  Probe (Chrono Boost)  
  38  4:38  Stalker  
  41  4:43  Stalker  
  41  4:45  Probe x2 (Chrono Boost)  
  45  4:56  Stalker  
  45  4:57  Probe x2 (Chrono Boost)  
  49  5:09  Probe x2 (Chrono Boost)  
  51  5:15  Assimilator  
  51  5:20  Assimilator  
  51  5:21  Probe x2 (Chrono Boost)  
  53  5:26  Oracle  
  53  5:28  Gateway  
  56  5:30  Pylon  
  56  5:32  Stalker  
  58  5:40  Probe x2 (Chrono Boost)  
  60  5:49  Protoss Ground Armor Level 1  
  60  5:52  Probe x2 (Chrono Boost)  
  62  5:59  Stalker x3  
  69  6:04  Probe (Chrono Boost)  
  69  6:08  Probe (Chrono Boost)  
  70  6:13  Pylon  
  70  6:16  Pylon  
  70  6:31  Oracle  
  69  6:50  Stalker x4  
  71  7:07  Oracle  
  74  7:19  Stalker  
  74  7:20  Stalker x3  
  83  7:50  Protoss Ground Weapons Level 2  
  77  8:00  Stalker x4  
  82  8:06  Phoenix  
  84  8:13  Gateway  
  84  8:26  Charge  
  84  8:31  Phoenix  
  84  8:32  Gateway  
  86  8:35  Gateway  
  86  8:36  Nexus, Gateway  
  86  8:38  Pylon  
  86  8:39  Pylon, Gateway  
  86  8:42  Assimilator  
  86  8:43  Pylon  
  86  8:45  Pylon  
  86  8:46  Assimilator  
  86  8:48  Pylon  
  86  8:49  Pylon  
  86  8:52  Pylon  
  86  8:59  Phoenix  
  88  9:06  Stalker x3  
  94  9:11  Stalker  
  93  9:24  Phoenix  
  93  9:27  Protoss Air Weapons Level 1  
  93  9:30  Stalker x3  
  101  9:36  Stalker  
  103  9:38  Stalker  
  105  9:48  Protoss Ground Armor Level 2  
  105  9:49  Probe (Chrono Boost)  
  105  9:50  Probe (Chrono Boost)  
  105  9:51  Probe (Chrono Boost)  
  108  9:53  Phoenix  
  108  9:56  Stalker  
  112  10:03  Probe (Chrono Boost)  
  113  10:18  Phoenix  
  115  10:43  Phoenix  
  115  10:54  Stalker x4  
  123  11:00  Stalker x3  
  129  11:08  Phoenix  
  129  11:10  Stalker  
  133  11:15  Probe (Chrono Boost)  
  133  11:16  Probe x2 (Chrono Boost)  
  136  11:25  Robotics Facility  
  136  11:33  Phoenix  
  136  11:44  Photon Cannon  
  130  11:54  Photon Cannon  
  109  12:45  Stalker  
  109  12:51  Pylon  
  98  13:06  Probe x2 (Chrono Boost)  
  76  13:29  Forge  
Tags
 
Composition
Blink Stalkers
League
GoldGold
Matchup
PvP
Replay Pack
All Mines
Spawn Locations
Close Positions
Add a new tag
Caveats
  • Supply blocks, unpowered buildings, or Contaminate may cause inaccurate times.
  • Supply counts are checked every 10 seconds.